ESL (28 & UNDER)
MT PLEASANT BEARCATS @ KINGSTON IGUANAS
09/18/2026
 
TOP OF THE 1ST
Mt Pleasant Bearcats batting - Pitching for Kingston Iguanas : RHP Ron Jenkins
Pitching: RHP Ron Jenkins
Batting: RHB Roberto Martínez 0-0: Ball
1-0: Fly out, F2 (Popup, 23F)
Batting: RHB Irving Galloway 0-0: Swinging Strike
0-1: Ball
1-1: Foul Ball, location: 2F
1-2: Foul Ball, location: 2F
1-2: Foul Ball, location: 2F
1-2: Ball
2-2: Fly out, F9 (Flyball, 89M)
Batting: RHB Patrick Potts 0-0: Ball
1-0: Called Strike
1-1: Ball
2-1: Ball
3-1: Swinging Strike
3-2: Foul Ball, location: 2F
3-2: SINGLE (Line Drive, 78S)
Batting: RHB Pat Fernández 0-0: Ball
1-0: Fly out, F9 (Flyball, 89D)
Top of the 1st over - 0 run(s), 1 hit(s), 0 error(s), 1 left on base; Mt Pleasant 0 - Kingston 0
BOTTOM OF THE 1ST
Kingston Iguanas batting - Pitching for Mt Pleasant Bearcats : LHP Rob Price
Pitching: LHP Rob Price
Batting: RHB Tim Davis 0-0: Ball
1-0: Ball
2-0: Called Strike
2-1: Foul Ball, location: 2F
2-2: Ball
3-2: SINGLE (Line Drive, 8RS)
Batting: RHB Bill Crawley 0-0: Ball
Tim Davis is caught stealing 2nd base
1-0: Ground out 5-3 (Groundball, 5S)
Batting: RHB Luis Aguilar 0-0: Ground out 5-3 (Groundball, 5L)
Bottom of the 1st over - 0 run(s), 1 hit(s), 0 error(s), 0 left on base; Mt Pleasant 0 - Kingston 0
TOP OF THE 2ND
Mt Pleasant Bearcats batting - Pitching for Kingston Iguanas : RHP Ron Jenkins
Batting: RHB Ramiro Chávez 0-0: Ball
1-0: Called Strike
1-1: Swinging Strike
1-2: Foul Ball, location: 2F
1-2: SINGLE (Groundball, 56D)
Batting: RHB Ricardo Salazar 0-0: Called Strike
0-1: Called Strike
0-2: Strikes out swinging
Batting: RHB Jaime Hernández Balk!
Ramiro Chávez to second
0-0: Called Strike
0-1: Swinging Strike
0-2: Strikes out swinging
Batting: RHB Carlos Luna 0-0: Foul Ball, location: 2F
0-1: Ball
1-1: Swinging Strike
1-2: Ball
2-2: Foul Ball, location: 2F
2-2: Ground out 6-3 (Groundball, 56)
Top of the 2nd over - 0 run(s), 1 hit(s), 0 error(s), 1 left on base; Mt Pleasant 0 - Kingston 0
BOTTOM OF THE 2ND
Kingston Iguanas batting - Pitching for Mt Pleasant Bearcats : LHP Rob Price
Batting: RHB William Duncan 0-0: Ball
1-0: Foul Ball, location: 2F
1-1: Ball
2-1: Ball
3-1: Ground out 6-3 (Groundball, 6)
Batting: LHB Dave Gordon 0-0: Swinging Strike
0-1: Ball
1-1: Swinging Strike
1-2: Ground out U3 (Groundball, 3)
Batting: RHB Mike Johnson 0-0: Ball
1-0: Called Strike
1-1: Foul Ball, location: 2F
1-2: Ground out 4-3 (Groundball, 4)
Bottom of the 2nd over - 0 run(s), 0 hit(s), 0 error(s), 0 left on base; Mt Pleasant 0 - Kingston 0
TOP OF THE 3RD
Mt Pleasant Bearcats batting - Pitching for Kingston Iguanas : RHP Ron Jenkins
Batting: RHB Chris Jones 0-0: Foul Ball, location: 2F
0-1: Ball
1-1: Foul Ball, location: 2F
1-2: Ball
2-2: Strikes out swinging
Batting: RHB Roberto Martínez 0-0: Called Strike
0-1: Foul Ball, location: 2F
0-2: Ground out 4-3 (Groundball, 4)
Batting: RHB Irving Galloway 0-0: Ground out 5-3 (Groundball, 56S)
Top of the 3rd over - 0 run(s), 0 hit(s), 0 error(s), 0 left on base; Mt Pleasant 0 - Kingston 0
BOTTOM OF THE 3RD
Kingston Iguanas batting - Pitching for Mt Pleasant Bearcats : LHP Rob Price
Batting: LHB Billy Anderson 0-0: Called Strike
0-1: Ball
1-1: Foul Ball, location: 2F
1-2: Strikes out swinging
Batting: LHB Juan Romero 0-0: Ball
1-0: SINGLE (Line Drive, 89S)
Batting: RHB Bobby Armstrong 0-0: Foul Ball, location: 2F
0-1: Ball
1-1: Foul Ball, location: 2F
1-2: Foul Ball, location: 2F
1-2: Ball
2-2: Fly out, F6 (Line Drive, 6)
Batting: RHB Tim Davis 0-0: Ball
1-0: Fly out, F7 (Flyball, 78S)
Bottom of the 3rd over - 0 run(s), 1 hit(s), 0 error(s), 1 left on base; Mt Pleasant 0 - Kingston 0
TOP OF THE 4TH
Mt Pleasant Bearcats batting - Pitching for Kingston Iguanas : RHP Ron Jenkins
Batting: RHB Patrick Potts 0-0: Ball
1-0: Called Strike
1-1: Swinging Strike
1-2: Foul Ball, location: 2F
1-2: Ball
2-2: Foul Ball, location: 2F
2-2: Ground out 4-3 (Groundball, 34)
Batting: RHB Pat Fernández 0-0: Ball
1-0: SINGLE (Groundball, 6MD)
Batting: RHB Ramiro Chávez 0-0: Foul Ball, location: 2F
0-1: Ball
1-1: Foul Ball, location: 2F
1-2: Ball
2-2: Fly out, F9 (Flyball, 9M)
Batting: RHB Ricardo Salazar 0-0: Ball
1-0: Swinging Strike
1-1: Ball
2-1: Fly out, F7 (Flyball, 7LM)
Top of the 4th over - 0 run(s), 1 hit(s), 0 error(s), 1 left on base; Mt Pleasant 0 - Kingston 0
BOTTOM OF THE 4TH
Kingston Iguanas batting - Pitching for Mt Pleasant Bearcats : LHP Rob Price
Batting: RHB Bill Crawley 0-0: Foul Ball, location: 2F
0-1: Ball
1-1: Fly out, F9 (Flyball, 9M)
Batting: RHB Luis Aguilar 0-0: Fly out, F4 (Popup, 4S)
Batting: RHB William Duncan 0-0: Ball
1-0: Called Strike
1-1: Foul Ball, location: 2F
1-2: SINGLE (Line Drive, 7LS)
Batting: LHB Dave Gordon 0-0: Called Strike
0-1: Ball
1-1: Called Strike
1-2: Strikes out looking
Bottom of the 4th over - 0 run(s), 1 hit(s), 0 error(s), 1 left on base; Mt Pleasant 0 - Kingston 0
TOP OF THE 5TH
Mt Pleasant Bearcats batting - Pitching for Kingston Iguanas : RHP Ron Jenkins
Batting: RHB Jaime Hernández 0-0: Called Strike
0-1: Ground out 3-1 (Groundball, 3L)
Batting: RHB Carlos Luna 0-0: Called Strike
0-1: Ball
1-1: Ground out 6-3 (Groundball, 6)
Batting: RHB Chris Jones 0-0: Ball
1-0: Swinging Strike
1-1: Foul Ball, location: 2F
1-2: SINGLE (Groundball, 5D)
Batting: RHB Roberto Martínez 0-0: Ball
1-0: Fly out, F7 (Flyball, 7S)
Top of the 5th over - 0 run(s), 1 hit(s), 0 error(s), 1 left on base; Mt Pleasant 0 - Kingston 0
BOTTOM OF THE 5TH
Kingston Iguanas batting - Pitching for Mt Pleasant Bearcats : LHP Rob Price
Batting: RHB Mike Johnson 0-0: Fly out, F3 (Popup, 3F)
Batting: LHB Billy Anderson 0-0: Called Strike
0-1: Foul Ball, location: 2F
0-2: SINGLE (Line Drive, 4MD)
Batting: LHB Juan Romero 0-0: Grounds into double play, 4-6-3 (Groundball, 34)
Bottom of the 5th over - 0 run(s), 1 hit(s), 0 error(s), 0 left on base; Mt Pleasant 0 - Kingston 0
TOP OF THE 6TH
Mt Pleasant Bearcats batting - Pitching for Kingston Iguanas : RHP Ron Jenkins
Batting: RHB Irving Galloway 0-0: Called Strike
0-1: Called Strike
0-2: Ball
1-2: Strikes out swinging
Batting: RHB Patrick Potts 0-0: Called Strike
0-1: Swinging Strike
0-2: Ball
1-2: Strikes out looking
Batting: RHB Pat Fernández 0-0: Ball
1-0: Ball
2-0: Called Strike
2-1: Ball
3-1: Called Strike
3-2: SOLO HOME RUN (Flyball, 7D), Distance : 364 ft
Batting: RHB Ramiro Chávez 0-0: Ball
1-0: Called Strike
1-1: SINGLE (Line Drive, 8RS)
Batting: RHB Ricardo Salazar 0-0: Ground out 6-3 (Groundball, 6)
Top of the 6th over - 1 run(s), 2 hit(s), 0 error(s), 1 left on base; Mt Pleasant 1 - Kingston 0
BOTTOM OF THE 6TH
Kingston Iguanas batting - Pitching for Mt Pleasant Bearcats : LHP Rob Price
Batting: RHB Bobby Armstrong 0-0: Called Strike
0-1: Ball
1-1: Foul Ball, location: 2F
1-2: Ball
2-2: Strikes out swinging, 2-3 out at first.
Batting: RHB Tim Davis 0-0: Called Strike
0-1: SOLO HOME RUN (Line Drive, 9D), Distance : 380 ft
Batting: RHB Bill Crawley 0-0: Called Strike
0-1: Swinging Strike
0-2: Ball
1-2: Ball
2-2: Ball
3-2: Strikes out swinging
Batting: RHB Luis Aguilar 0-0: Called Strike
0-1: Ball
1-1: Ball
2-1: Ground out 5-3 (Groundball, 5)
Bottom of the 6th over - 1 run(s), 1 hit(s), 0 error(s), 0 left on base; Mt Pleasant 1 - Kingston 1
TOP OF THE 7TH
Mt Pleasant Bearcats batting - Pitching for Kingston Iguanas : RHP Ron Jenkins
Pinch Hitting: LHB Colm Massey 0-0: Ball
1-0: Fly out, F8 (Flyball, 8RS)
Pinch Hitting: RHB Jeffrey Hicks 0-0: Ground out 4-3 (Groundball, 4M)
Batting: RHB Chris Jones 0-0: Foul Ball, location: 2F
0-1: Fly out, F8 (Flyball, 8RD)
Top of the 7th over - 0 run(s), 0 hit(s), 0 error(s), 0 left on base; Mt Pleasant 1 - Kingston 1
BOTTOM OF THE 7TH
Kingston Iguanas batting - Pitching for Mt Pleasant Bearcats : LHP Rob Price
Now in LF: Jeffrey Hicks
Now in RF: Colm Massey
Batting: RHB William Duncan 0-0: Ball
1-0: Called Strike
1-1: Ball
2-1: Ball
3-1: Foul Ball, location: 2F
3-2: Strikes out looking
Batting: LHB Dave Gordon 0-0: Ball
1-0: Foul Ball, location: 2F
1-1: Ball
2-1: Ground out 2-3 (Groundball, 2L)
Pinch Hitting: LHB Poto Vasilini 0-0: Ball
1-0: Foul Ball, location: 2F
1-1: Foul Ball, location: 2F
1-2: Strikes out looking
Bottom of the 7th over - 0 run(s), 0 hit(s), 0 error(s), 0 left on base; Mt Pleasant 1 - Kingston 1
TOP OF THE 8TH
Mt Pleasant Bearcats batting - Pitching for Kingston Iguanas : RHP Ron Jenkins
Pitching: RHP Guo-fang Juan
Now in RF: Poto Vasilini
Pinch Hitting: SHB William Hamilton 0-0: SINGLE (Groundball, 4M)
Batting: RHB Irving Galloway 0-0: Swinging Strike
0-1: Sac Bunt - play at first, batter OUT! 3-4
William Hamilton to second
Batting: RHB Patrick Potts 0-0: Fly out, F9 (Line Drive, 9S)
Batting: RHB Pat Fernández 0-0: Called Strike
0-1: Fly out, F8 (Flyball, 8RXD)
Top of the 8th over - 0 run(s), 1 hit(s), 0 error(s), 1 left on base; Mt Pleasant 1 - Kingston 1
BOTTOM OF THE 8TH
Kingston Iguanas batting - Pitching for Mt Pleasant Bearcats : LHP Rob Price
Now at 3B: William Hamilton
Pinch Hitting: RHB Soshu Nakamura 0-0: Called Strike
0-1: Foul Ball, location: 2F
0-2: Foul Ball, location: 2F
0-2: Ball
1-2: Strikes out swinging
Batting: LHB Juan Romero 0-0: Ball
1-0: SINGLE (Groundball, 34D)
Batting: RHB Bobby Armstrong 0-0: Called Strike
0-1: Ball
1-1: Ball
2-1: Fly out, F9 (Flyball, 9D)
Pitching: RHP Sancho Mendoza
Batting: RHB Tim Davis 0-0: Ball
1-0: Swinging Strike
1-1: Ground out 4-3 (Groundball, 4)
Bottom of the 8th over - 0 run(s), 1 hit(s), 0 error(s), 1 left on base; Mt Pleasant 1 - Kingston 1
TOP OF THE 9TH
Mt Pleasant Bearcats batting - Pitching for Kingston Iguanas : RHP Guo-fang Juan
Pitching: RHP Jesús Gonzáles
Now at 2B: Soshu Nakamura
Batting: RHB Ramiro Chávez 0-0: Called Strike
0-1: Swinging Strike
0-2: Ball
1-2: Foul Ball, location: 2F
1-2: DOUBLE (Line Drive, 78XD)
Batting: RHB Ricardo Salazar 0-0: Ball
1-0: Swinging Strike
1-1: Ball
2-1: Ball
3-1: Called Strike
3-2: Foul Ball, location: 2F
3-2: 2-RUN HOME RUN (Flyball, 78XD), Distance : 398 ft
Batting: LHB Colm Massey 0-0: Swinging Strike
0-1: Ball
1-1: Ball
2-1: SINGLE (Flyball, 6D)
Batting: RHB Jeffrey Hicks 0-0: Foul Ball, location: 2F
0-1: Ball
1-1: Sac Bunt - play at first, batter safe!
Colm Massey to second
Batting: RHB Chris Jones 0-0: Ball
1-0: Swinging Strike
1-1: SINGLE (Groundball, 4MD)
Colm Massey to third
Jeffrey Hicks to second
Batting: SHB William Hamilton 0-0: Called Strike
0-1: Ball
1-1: Ball
2-1: Swinging Strike
2-2: Foul Ball, location: 2F
2-2: Strikes out swinging
Pitching: RHP Vic Bradshaw
Batting: RHB Irving Galloway 0-0: Ball
1-0: Called Strike
1-1: Foul Ball, location: 2F
1-2: SINGLE (Line Drive, 8LS)
Colm Massey scores
Jeffrey Hicks to third
Chris Jones to second
Batting: RHB Patrick Potts 0-0: Called Strike
0-1: Ball
1-1: Foul Ball, location: 2F
1-2: Strikes out swinging
Batting: RHB Pat Fernández 0-0: Ball
1-0: Called Strike
1-1: Swinging Strike
1-2: Strikes out looking
Top of the 9th over - 3 run(s), 6 hit(s), 0 error(s), 3 left on base; Mt Pleasant 4 - Kingston 1
BOTTOM OF THE 9TH
Kingston Iguanas batting - Pitching for Mt Pleasant Bearcats : RHP Sancho Mendoza
Pitching: RHP Kenshin Kubota
Now at 1B: Yasutoki Kojima
Now at SS: Fernando Pérez
Batting: RHB Bill Crawley 0-0: Ground out 1-3 (Groundball, 23)
Batting: RHB Luis Aguilar 0-0: Foul Ball, location: 2F
0-1: Called Strike
0-2: Strikes out swinging
Batting: RHB William Duncan 0-0: Called Strike
0-1: Ball
1-1: Foul Ball, location: 2F
1-2: Strikes out looking
Bottom of the 9th over - 0 run(s), 0 hit(s), 0 error(s), 0 left on base; Mt Pleasant 4 - Kingston 1
Monday, December 5th, 2016 - OOTP Baseball 17.12 Build 75